 Dungeon Crawl Stone Soup version 0.28.0-53-g5a82cb258f (webtiles) character file.

Game seed: 16232594227831763575

1469 LustLizard the Chiller (level 9, -1/64 HPs)
             Began as a Human Ice Elementalist on Aug 10, 2022.
             Was an Initiate of Vehumet.
             Slain by a two-headed ogre
             ... wielding a +0 giant club
              (8 damage)
             ... on level 5 of the Dungeon.
             The game lasted 00:18:05 (7657 turns).

LustLizard the Chiller (Human Ice Elementalist)     Turns: 7657, Time: 00:18:06

Health: -1/64      AC: 10    Str: 10    XL:     9   Next: 6%
Magic:  4/14       EV: 10    Int: 18    God:    Vehumet [......]
Gold:   327        SH:  0    Dex: 14    Spells: 8/15 levels left

rFire   . . .      SeeInvis .   e - staff of cold
rCold   + . .      Faith    .   (no shield)
rNeg    . . .      Spirit   .   w - +0 ring mail {Will+}
rPois   .          Reflect  .   o - +0 helmet
rElec   .          Harm     .   (no cloak)
rCorr   .          Rampage  .   (no gloves)
Will    +....                   (no boots)
Stlth   ++........              (no amulet)
HPRegen 0.20/turn               h - ring of wizardry
MPRegen 0.14/turn               (no ring)

@: ice-armoured, freezing walls
A: no striking features
a: Renounce Religion


You were on level 5 of the Dungeon.
You worshipped Vehumet.
Vehumet was noncommittal.
You visited 2 branches of the dungeon, and saw 6 of its levels.
You also visited: Sewer.

You collected 327 gold pieces.

Inventory:

Hand Weapons
 b - a +0 dagger
Missiles
 u - a poisoned dart (quivered)
Armour
 a - a +0 robe
 o - a +0 helmet (worn)
 p - a +0 leather armour
 w - a +0 ring mail of willpower (worn)
Magical Staves
 e - a staff of cold (weapon)
Jewellery
 f - an amulet of guardian spirit
 h - a ring of wizardry (left hand)
Wands
 q - a wand of polymorph (3)
 x - a wand of iceblast (5)
 z - a wand of flame (7)
Scrolls
 d - a scroll of noise {unknown}
 g - a scroll of vulnerability {unknown}
 i - 2 scrolls of identify {unknown}
 l - 2 scrolls of blinking
 r - a scroll of summoning {unknown}
 s - 5 scrolls of teleportation
 t - a scroll of magic mapping {unknown}
 y - a scroll of amnesia {unknown}
 A - a scroll of fear {unknown}
Potions
 c - a potion of magic {unknown}
 j - a potion of mutation {unknown}
 k - 2 potions of cancellation {unknown}
 m - a potion of berserk rage {unknown}
 n - a potion of curing {unknown}
 v - 4 potions of flight
 B - a potion of attraction {unknown}


   Skills:
 + Level 3.4 Fighting
 * Level 4.8 Staves
 - Level 2.0 Dodging
 - Level 4.0 Stealth
 + Level 3.8 Spellcasting
 * Level 6.6 Ice Magic
 * Level 4.3 Evocations


You had 8 spell levels left.
You knew the following spells:

 Your Spells              Type           Power      Damage    Failure   Level
a - Freeze                Ice            100%       1d11      1%          1
b - Frozen Ramparts       Ice            80%        1d10      3%          3
c - Ozocubu's Armour      Ice            40%        N/A       3%          3

Your spell library contained the following spells:

 Spells                   Type           Power      Damage    Failure   Level
 Hailstorm                Conj/Ice       23%        3d7       36%         4


Dungeon Overview and Level Annotations

Branches:
Dungeon (5/15)             Temple (1/1) D:4           Sewer (visited)

Altars:
Ashenzari
Cheibriados
Dithmenos
Elyvilon
Fedhas
Gozag
Hepliaklqana
Kikubaaqudgha
Makhleb
Nemelex Xobeh
Okawaru
Qazlal
Ru
Sif Muna
Trog
Uskayaw
Vehumet
Wu Jian
Xom
Yredelemnul
Zin
The Shining One


Message History

Casting: Frozen Ramparts (dangerous; 3% risk of failure)
Confirm with . or Enter, or press ? or * to list all spells.
Aiming: Freeze (safe; 1% risk of failure)
Press: ? - help, Shift-Dir - straight line, f - two-headed ogre
Aim: a two-headed ogre, wielding a +0 giant club and a +0 giant spiked club (moderately wounded)
You feel a surge of power!
You freeze the two-headed ogre.
The two-headed ogre is moderately wounded.
The wall freezes the two-headed ogre!
The two-headed ogre hits you with a +0 giant club!!
The two-headed ogre hits you with a +0 giant spiked club!!
Casting: Freeze (safe; 1% risk of failure)
Confirm with . or Enter, or press ? or * to list all spells.
Aiming: Freeze (safe; 1% risk of failure)
Press: ? - help, Shift-Dir - straight line, f/p - two-headed ogre
Aim: a two-headed ogre, wielding a +0 giant club and a +0 giant spiked club (heavily wounded)
You feel a surge of power!
You freeze the two-headed ogre!
The two-headed ogre is severely wounded.
Unknown command.
Casting: Freeze (safe; 1% risk of failure)
Confirm with . or Enter, or press ? or * to list all spells.
Aiming: Freeze (safe; 1% risk of failure)
Press: ? - help, Shift-Dir - straight line, f/p - two-headed ogre
Aim: a two-headed ogre, wielding a +0 giant club and a +0 giant spiked club (severely wounded)
You feel a surge of power!
You freeze the two-headed ogre!
The two-headed ogre is severely wounded.
The wall freezes the two-headed ogre.
The two-headed ogre hits you with a +0 giant club!
* * * LOW HITPOINT WARNING * * *
The two-headed ogre hits you with a +0 giant spiked club!
* * * LOW HITPOINT WARNING * * *
Casting: Freeze (safe; 1% risk of failure)
Confirm with . or Enter, or press ? or * to list all spells.
Aiming: Freeze (safe; 1% risk of failure)
Press: ? - help, Shift-Dir - straight line, f/p - two-headed ogre
Aim: a two-headed ogre, wielding a +0 giant club and a +0 giant spiked club (almost dead)
You feel a surge of power!
You freeze the two-headed ogre.
The two-headed ogre is almost dead.
The wall freezes the two-headed ogre.
The two-headed ogre hits you with a +0 giant club!
You die...

#### ####### #... #.....###
###### #...######........
.....# #......@O.........
.....# #......####.....!!
.....#####.......# .......
.................# .......
.................###......!
..
...........................
##.
..............#......###...
#.. ...>.................+
..( #..
....##...............# ...
#..


You could see a two-headed ogre.

Vanquished Creatures
  Pikel (D:4)
  A water moccasin (D:5)
  An ogre (D:4)
  A black bear (D:5)
  2 lemures
  A phantom (D:4)
  A bullfrog (D:5)
  A water moccasin skeleton (D:5)
  A bullfrog zombie (D:5)
  2 hounds (D:5)
  A centaur skeleton (D:4)
  Ijyb (D:4)
  2 orc wizards
  A merfolk siren (Sewer)
  A merfolk avatar (Sewer)
  Robin (D:2)
  4 river rats
  11 adders
  An adder zombie (D:5)
  4 worms
  2 dart slugs
  11 orcs
  9 ball pythons
  6 bats
  7 endoplasms
  8 giant cockroaches
  22 goblins
  13 hobgoblins
  7 quokkas
  5 frilled lizards
  6 kobolds
  33 rats
168 creatures vanquished.

Notes
Turn   | Place    | Note
-------+----------+-------------------------------------------
     0 | D:1      | LustLizard the Human Ice Elementalist began the quest for
                  | the Orb.
     0 | D:1      | Reached XP level 1. HP: 13/13 MP: 3/3
   200 | D:1      | Reached XP level 2. HP: 19/19 MP: 1/5
   797 | D:1      | Reached XP level 3. HP: 23/25 MP: 6/6
  1236 | D:2      | Noticed Robin
  1244 | D:2      | Killed Robin
  1245 | D:2      | Reached skill level 1 in Fighting
  1245 | D:2      | Reached skill level 1 in Staves
  1245 | D:2      | Reached XP level 4. HP: 25/32 MP: 3/7
  2290 | D:2      | Reached XP level 5. HP: 30/37 MP: 5/8
  2298 | D:2      | Learned a level 3 spell: Frozen Ramparts
  3782 | D:4      | Reached XP level 6. HP: 39/43 MP: 7/10
  3847 | D:4      | Noticed Pikel
  4002 | D:4      | Found a glowing drain.
  4033 | Sewer    | Entered a sewer
  4285 | Sewer    | Reached skill level 1 in Evocations
  4507 | Sewer    | Reached skill level 5 in Ice Magic
  4772 | D:4      | Noticed an ogre
  4778 | D:4      | Killed an ogre
  4779 | D:4      | Reached XP level 7. HP: 21/50 MP: 3/11
  5000 | D:4      | Found a large runed translucent door.
  5002 | D:4      | Found a large runed translucent door.
  5030 | D:4      | Noticed Ijyb
  5042 | D:4      | Killed Ijyb
  5234 | D:4      | Found a staircase to the Ecumenical Temple.
  5294 | Temple   | Entered the Ecumenical Temple
  5632 | Temple   | Became a worshipper of Vehumet
  5740 | D:4      | Killed Pikel
  5741 | D:4      | Reached skill level 6 in Ice Magic
  5741 | D:4      | Reached XP level 8. HP: 29/57 MP: 7/13
  6275 | D:4      | Found a shimmering blue altar of Sif Muna.
  6306 | D:4      | Found a snail-covered altar of Cheibriados.
  6506 | D:4      | Learned a level 3 spell: Ozocubu's Armour
  6507 | D:5      | Entered Level 5 of the Dungeon
  7437 | D:5      | Reached XP level 9. HP: 62/64 MP: 10/14
  7644 | D:5      | Noticed a two-headed ogre
  7657 | D:5      | Slain by a two-headed ogre

Illustrated notes

Levels and vault maps discovered:
D:1:      shiori_arrival_maze, layout_basic
D:2:      layout_basic, uniq_robin
D:3:      layout_loops_ring
D:4:      layout_loops_ring, jmf_multi_god_temple2, minmay_temple_entry_glass,
          portal_sewer_entry_e, uniq_ijyb, uniq_pikel
D:5:      layout_basic
Temple:   mainiacjoe_temple_cubbyholes

Skill      XL: |  1  2  3  4  5  6  7  8 |
---------------+-------------------------+-----
Fighting       | 1 2 3 |  3.4
Staves         | 1 2 4 |  4.8
Stealth        | 3 4 |  4.0
Evocations     | 1 3 4 |  4.3
Ice Magic      | 5 6 |  6.6
Spellcasting   | 3 |  3.8
Dodging        | |  2.0

Action                   |  1- 3 |  4- 6 |  7- 9 || total
-------------------------+-------+-------+-------++-------
Melee: Staff             |    23 |   152 |   120 ||   295
       Dagger            |     5 |       |       ||     5
       Punch             |       |     1 |     1 ||     2
Throw: Dart              |       |       |     3 ||     3
 Cast: Freeze            |    33 |    80 |    26 ||   139
       Frozen Ramparts   |       |    11 |    15 ||    26
       Ozocubu's Armour  |       |       |     1 ||     1
  Use: Scroll            |       |       |     1 ||     1
 Stab: Sleeping          |     4 |     7 |     1 ||    12
Armor: Robe              |     9 |     1 |       ||    10
       Leather armour    |       |    31 |    16 ||    47
       Ring mail         |       |       |    26 ||    26
Dodge: Dodged            |    30 |   106 |    56 ||   192
